 Dungeon Crawl Stone Soup version 0.28.0-53-g5a82cb258f (webtiles) character file.

Game seed: 2806549655854052157

272 Zeld the Conjurer (level 6, -5/32 HPs)
             Began as a Deep Elf Conjurer on May 25, 2022.
             Killed from afar by an orc wizard (7 damage)
             ... with a puff of flame
             ... on level 4 of the Dungeon.
             The game lasted 00:02:51 (3858 turns).

Zeld the Conjurer (Deep Elf Conjurer)               Turns: 3858, Time: 00:02:51

Health: -5/32      AC:  4    Str:  4    XL:     6   Next: 2%
Magic:  8/16       EV: 12    Int: 25    God:
Gold:   178        SH:  0    Dex: 13    Spells: 5/16 levels left

rFire   . . .      SeeInvis .   (no weapon)
rCold   . . .      Faith    .   (no shield)
rNeg    . . .      Spirit   .   a - +0 robe
rPois   .          Reflect  .   (no helmet)
rElec   .          Harm     .   l - +0 cloak
rCorr   .          Rampage  .   j - +0 pair of gloves
Will    .....                   (no boots)
Stlth   +.........              n - amulet of magic regeneration
HPRegen 0.10/turn               (no ring)
MPRegen 0.55/turn               (no ring)

@: confused, very slightly contaminated
A: no striking features
a: no special abilities


You were on level 4 of the Dungeon.
You visited 1 branch of the dungeon, and saw 4 of its levels.

You collected 178 gold pieces.

Inventory:

Armour
 a - a +0 robe (worn)
 j - a +0 pair of gloves (worn)
 l - a +0 cloak (worn)
Jewellery
 n - an amulet of magic regeneration (around neck)
Scrolls
 b - 2 scrolls of fog {unknown}
 c - a scroll of immolation {unknown}
 f - a scroll of holy word {unknown}
 g - 2 scrolls of brand weapon {unknown}
 k - a scroll of summoning {unknown}
 m - 2 scrolls of blinking {unknown}
Potions
 d - a potion of heal wounds {unknown}
 e - a potion of attraction {unknown}
 h - a potion of lignification {unknown}
 i - a potion of degeneration {unknown}
 o - a potion of haste {unknown}


   Skills:
 - Level 2.4 Dodging
 - Level 2.4 Stealth
 + Level 5.7 Spellcasting
 + Level 6.1 Conjurations
 - Level 2.0 Hexes
 - Level 2.0 Translocations


You had 5 spell levels left.
You knew the following spells:

 Your Spells              Type           Power      Damage    Failure   Level
a - Magic Dart            Conj           100%       1d8       1%          1
b - Searing Ray           Conj           74%        2d7       1%          2
c - Fulminant Prism       Conj/Hex       13%        3d9       14%         4
d - Iskenderun's Mystic   Conj/Tloc      27%        2d7       14%         4

Your spell library contained the following spells:

 Spells                   Type           Power      Damage    Failure   Level
 Apportation              Tloc           34%        N/A       3%          1
 Dazzling Flash           Conj/Hex       54%        N/A       4%          3
 Animate Skeleton         Necr           14%        N/A       8%          1
 Summon Small Mammal      Summ           28%        N/A       8%          1
 Gell's Gravitas          Tloc           17%        N/A       10%         3
 Teleport Other           Tloc           17%        N/A       10%         3
 Dispersal                Tloc           8%         N/A       99%         6


Dungeon Overview and Level Annotations

Branches:
Dungeon (4/15)
 Temple: D:4-7

Altars:
Fedhas

Annotations:
D:4 Grinder


Message History

The searing ray misses the orc warrior.
The searing ray hits the orc warrior.
The orc warrior is heavily wounded.
You finish channelling your searing ray.
The orc warrior closely misses you.
Casting: Searing Ray (safe; 1% risk of failure)
Confirm with . or Enter, or press ? or * to list all spells.
The spell is quite dangerous to miscast (14% risk of failure)!
Continue anyway?
You erupt in a blast of force!
The mystic blast hits the orc warrior but does no damage.
The orc warrior is heavily wounded.
You hear a shout! x5
The orc warrior hits you with a +0 war axe!
Ouch! That really hurt!
Unknown command.
Casting: Iskenderun's Mystic Blast (quite dangerous; 14% risk of failure)
Confirm with . or Enter, or press ? or * to list all spells.
The spell is quite dangerous to miscast (14% risk of failure)!
Continue anyway?
You erupt in a blast of force!
The mystic blast hits the orc warrior.
The orc warrior is severely wounded.
The orc warrior is knocked back by the mystic blast.
Unknown command.
Casting: Iskenderun's Mystic Blast (quite dangerous; 14% risk of failure)
Confirm with . or Enter, or press ? or * to list all spells.
The spell is quite dangerous to miscast (14% risk of failure)!
Continue anyway?
You miscast Iskenderun's Mystic Blast.
You are very lightly contaminated with residual magic.
You are blasted with magical energy!
* * * LOW HITPOINT WARNING * * *
An orc wizard comes into view. It is wielding a +0 dagger.
The orc wizard points at you and mumbles some strange words.
You are confused.
You miss the orc warrior.
The orc warrior is heavily wounded.
The orc warrior hits you with a +0 war axe!
* * * LOW HITPOINT WARNING * * *
You bump into the rock wall.
The orc wizard points at you and mumbles some strange words.
The puff of flame hits you!
You die...

...# .... #..# ....
#..# ... #..###'#
#..##.####### #.
#............
####.#..#.........
........o#.........
......##o@..#######
######
####รท#########
#.....#...#
#####)#.#.# #.#<#.#
#.###.# #.....#
#######


You could see an orc warrior and an orc wizard.

Vanquished Creatures
  Menkaure (D:4)
  A scorpion (D:4)
  3 adders
  2 orcs
  5 ball pythons
  5 bats
  6 endoplasms
  5 giant cockroaches
  7 goblins
  7 hobgoblins
  6 jackals
  3 kobolds
  4 quokkas
  4 frilled lizards
  6 rats
65 creatures vanquished.

Notes
Turn   | Place    | Note
-------+----------+-------------------------------------------
     0 | D:1      | Zeld the Deep Elf Conjurer began the quest for the Orb.
     0 | D:1      | Reached XP level 1. HP: 10/10 MP: 6/6
   118 | D:1      | Reached skill level 1 in Hexes
   194 | D:1      | Reached XP level 2. HP: 15/15 MP: 1/8
   292 | D:1      | Learned a level 2 spell: Searing Ray
   310 | D:1      | Reached skill level 1 in Translocations
   807 | D:2      | Reached XP level 3. HP: 19/19 MP: 4/9
  1265 | D:2      | Found a faded altar of an unknown god.
  1678 | D:3      | Reached XP level 4. HP: 24/24 MP: 7/11
  1777 | D:3      | Found a blossoming altar of Fedhas.
  2033 | D:3      | Reached skill level 5 in Conjurations
  2160 | D:3      | Learned a level 4 spell: Fulminant Prism
  2353 | D:3      | Learned a level 4 spell: Iskenderun's Mystic Blast
  2853 | D:4      | Noticed a scorpion
  2859 | D:4      | Killed a scorpion
  2860 | D:4      | Reached XP level 5. HP: 13/28 MP: 5/14
  3424 | D:4      | Noticed Grinder
  3575 | D:4      | Noticed Menkaure
  3582 | D:4      | Killed Menkaure
  3583 | D:4      | Reached skill level 5 in Spellcasting
  3583 | D:4      | Reached skill level 6 in Conjurations
  3583 | D:4      | Reached XP level 6. HP: 7/32 MP: 8/16
  3836 | D:4      | Noticed an orc warrior
  3858 | D:4      | Killed from afar by an orc wizard

Illustrated notes

Levels and vault maps discovered:
D:1:      eino_arrival_druids_welcome, layout_rooms
D:2:      minmay_door_path, layout_loops_ring,
          hellmonk_ecumenical_altar_lost_god
D:3:      layout_basic, mainiacjoe_overflow_paths
D:4:      cheibrodos_pilgrimage, layout_basic, kennysheep_donut,
          guppyfry_early_orc_mine, uniq_menkaure, uniq_grinder

Skill      XL: |  1  2  3  4  5 |
---------------+----------------+-----
Hexes          | 1 2 |  2.0
Translocations | 1 2 |  2.0
Conjurations   | 5 6 |  6.1
Spellcasting   | 4 5 |  5.7
Dodging        | |  2.4
Stealth        | |  2.4

Action                   |  1- 3 |  4- 6 || total
-------------------------+-------+-------++-------
Melee: Unarmed           |     2 |     1 ||     3
 Cast: Magic Dart        |    78 |    40 ||   118
       Searing Ray       |       |     5 ||     5
       Iskenderun's Myst |       |     2 ||     2
Armor: Robe              |       |     3 ||     3
Dodge: Dodged            |     7 |     1 ||     8
